 Dungeon Crawl Stone Soup version 0.21.1-1-g345015fe64 (webtiles) character file.

151 Kohma the Vexing (level 5, -2/24 HPs)
             Began as a Spriggan Enchanter on June 10, 2018.
             Slain by a gnoll
             ... wielding a +0 halberd
              (14 damage)
             ... on level 2 of the Dungeon.
             The game lasted 00:11:09 (3363 turns).

Kohma the Vexing (Spriggan Enchanter)               Turns: 3363, Time: 00:11:09

Health: -2/24      AC:  2    Str:  5    XL:     5   Next: 10%
Magic:  3/11       EV: 19    Int: 16    God:
Gold:   160        SH:  0    Dex: 17    Spells: 8/11 levels left

rFire    . . .     SeeInvis +   a - +2 dagger
rCold    . . .     Gourm    .   (shield restricted)
rNeg     . . .     Faith    .   b - +0 robe
rPois    .         Spirit   .   (helmet restricted)
rElec    .         Reflect  .   (no cloak)
rCorr    .         Harm     .   (gloves unavailable)
MR       .....                  (boots unavailable)
Stlth    +++.......             (no amulet)
HPRegen  0.08/turn              (no ring)
MPRegen  0.12/turn              (no ring)

@: very quick
A: very small, unfitting armour, see invisible, herbivore, speed 3, slow
metabolism 2
a: no special abilities


You were on level 2 of the Dungeon.
You were hungry.

You visited 1 branch of the dungeon, and saw 3 of its levels.

You collected 160 gold pieces.

Inventory:

Hand Weapons
 a - a +2 dagger (weapon)
 n - a +0 short sword
 r - a +3 dagger
Missiles
 f - 60 stones
 i - 22 bolts
 j - 8 poisoned needles
 l - 4 needles of sleeping
 o - 4 tomahawks of dispersal (quivered)
Armour
 b - a +0 robe (worn)
Jewellery
 s - an uncursed ring of ice {unknown}
Scrolls
 e - 5 scrolls of identify
 g - 3 scrolls of enchant weapon
 q - a scroll of fog {unknown}
Potions
 h - a potion of mutation
 k - a potion of curing {unknown}
 m - a potion of lignification {unknown}
 p - a potion of heal wounds {unknown}
 t - a potion of haste {unknown}
Books
 c - a book of Maledictions

   Spells                             Type                      Level
   a - Corona                         Hexes                        1
   b - Ensorcelled Hibernation        Hexes/Ice                    2
   c - Confuse                        Hexes                        3
   d - Tukima's Dance                 Hexes                        3
   e - Dazzling Spray                 Conjuration/Hexes            3
Comestibles
 d - 3 rations


   Skills:
 * Level 3.2 Short Blades
 + Level 4.1 Dodging
 - Level 4.4 Stealth
 + Level 3.6 Spellcasting
 * Level 5.0 Hexes


You had 8 spell levels left.
You knew the following spells:

 Your Spells              Type           Power        Failure   Level  Hunger
a - Corona                Hex            ###....      2%          1    None
b - Ensorcelled Hibernat  Hex/Ice        ##....       10%         2    ##.....


Dungeon Overview and Level Annotations

Branches:
Dungeon (3/15)

Altars:
Cheibriados
Gozag
Okawaru
Yredelemnul


Innate Abilities, Weirdness & Mutations

You are very small and have problems with some larger weapons.
You are too small for most types of armour.
You have supernaturally acute eyesight. (SInv)
You are a herbivore.
You cover ground extremely quickly.
You need consume almost no food.


Message History

Confirm with . or Enter, or press ? or * to list all spells.
Aiming: Ensorcelled Hibernation
Press: ? - help, Shift-Dir - straight line, f/p - gnoll
Aim: a gnoll, wielding a club (chance to defeat MR: 50%)
The gnoll resists with some effort.
The gnoll hits you from afar with a halberd!
The gnoll barely misses you.
Casting: Ensorcelled Hibernation
Confirm with . or Enter, or press ? or * to list all spells.
Aiming: Ensorcelled Hibernation
Press: ? - help, Shift-Dir - straight line, f/p - gnoll
Aim: a gnoll, wielding a club (chance to defeat MR: 50%)
The gnoll looks drowsy...
The gnoll closely misses you.
The helpless gnoll fails to defend itself.
You impale the gnoll!!
You kill the gnoll!
Your Hexes skill increases to level 5!
The gnoll hits you from afar with a halberd!
Ouch! That really hurt!
You die...

#..#.#.#.# #.#
#..#.#.#.# #.#
#..#.#.#.# #.#
#.....†#.### #.#
##.#.......# #.#
...#####.#.#######.##
.).......#..........#
#####################
# #.........@.# #
#.#########)# #.# #g#
#.###### #g# #.)....#
#.# ############.#
#.# ..........##.#
#.# #########.##.#
#)# #....# #.#


You could see 2 gnolls.

Vanquished Creatures
  An orc priest (D:3)
  5 gnolls
  2 dart slugs (D:1)
  4 leopard geckos
  4 orcs (D:3)
  4 giant cockroaches
  4 goblins
  13 hobgoblins
  4 jackals (D:1)
  4 kobolds
  4 bats (D:1)
  2 frilled lizards
  6 rats
57 creatures vanquished.

Notes
Turn   | Place    | Note
-------+----------+-------------------------------------------
     0 | D:1      | Kohma the Spriggan Enchanter began the quest for the Orb.
     0 | D:1      | Reached XP level 1. HP: 9/9 MP: 5/5
   295 | D:1      | Reached XP level 2. HP: 9/13 MP: 4/6
   299 | D:1      | Learned a level 2 spell: Ensorcelled Hibernation
   506 | D:1      | Reached skill level 4 in Hexes
  1103 | D:1      | Reached XP level 3. HP: 16/16 MP: 5/8
  2015 | D:2      | Found a basalt altar of Yredelemnul.
  2017 | D:2      | Found a snail-covered altar of Cheibriados.
  2019 | D:2      | Found an opulent altar of Gozag.
  2019 | D:2      | Found an iron altar of Okawaru.
  2134 | D:3      | Reached XP level 4. HP: 21/21 MP: 10/10
  3349 | D:2      | Reached XP level 5. HP: 23/24 MP: 7/11
  3363 | D:2      | Reached skill level 5 in Hexes
  3363 | D:2      | Slain by a gnoll

Skill      XL: |  1  2  3  4  5 |
---------------+----------------+-----
Hexes          | 4 5 |  5.0
Spellcasting   | 3 |  3.6
Short Blades   | 2 3 |  3.2
Dodging        | 4 |  4.1
Stealth        | |  4.4

Action                   |  1- 3 |  4- 6 || total
-------------------------+-------+-------++-------
Melee: Dagger            |    53 |    36 ||    89
 Cast: Corona            |     5 |       ||     5
       Ensorcelled Hiber |    27 |    21 ||    48
  Use: Scroll            |       |     4 ||     4
 Stab: Sleeping          |    31 |    19 ||    50
  Eat: Ration            |       |     1 ||     1
Armor: Robe              |     6 |     1 ||     7
Dodge: Dodged            |    33 |    26 ||    59
